 Dungeon Crawl Stone Soup version 0.31-b1-18-g61460d1e46 (webtiles) character file.

Game seed: 15067373545708826491

42 hawla the Scratcher (level 3, -8/18 HPs)
             Began as a Felid Shapeshifter on Jan 16, 2024.
             Mangled by Terence
             ... wielding a +2 heavy falchion
              (12 damage)
             ... on level 2 of the Dungeon.
             The game lasted 00:03:22 (1084 turns).

hawla the Scratcher (Felid Shapeshifter)            Turns: 1084, Time: 00:03:23

Health: -8/18      AC:  1    Str: 12    XL:     3   Next: 35%
Magic:  4/4        EV: 17    Int: 13    God:
Gold:   115        SH:  0    Dex: 15    Spells: 2/2 levels left
                                        Lives:  0   Deaths: 1

rFire   . .          .
                       - Unarmed
rCold   . . .        (shield unavailable)
rNeg    . . .        (body armour unavailable)
rPois   .            (helmet unavailable)
rElec   .            (cloak unavailable)
rCorr   .            (gloves unavailable)
SInv    +            (boots unavailable)
Will    .....        (no amulet)
Stlth   +            (no ring)
HPRegen 0.23/turn    (no ring)
MPRegen 0.09/turn

%: no passive effects
@: beast-form
A: beast (slay +1), very small, claws 1, fangs 3, see invisible, shaggy fur 1,
stealthy paws, no weapons or thrown items, no armour, multi-lived
a: Begin Untransformation


You were on level 2 of the Dungeon.
You were a hulking beast.
You visited 1 branch of the dungeon, and saw 2 of its levels.

You collected 115 gold pieces.

Inventory:

Talismans
 b - a beast talisman
 c - a flux talisman
Scrolls
 a - a scroll of teleportation
 e - a scroll of identify
 f - a scroll of fear {unknown}


   Skills:
 - Level 1.0 Fighting
 + Level 3.0 Dodging
 * Level 3.7 Unarmed Combat
 * Level 3.3 Shapeshifting


You had 2 spell levels left.
You didn't know any spells.
Your spell library was empty.

Dungeon Overview and Level Annotations

Branches:
Dungeon (2/15)

Altars:
Xom

Annotations:
D:2 Terence


Innate Abilities, Weirdness & Mutations

You are a hulking beast.
Your limbs bulge with bestial killing power. (Slay +1)
You have sharp claws.
You have razor-sharp teeth.
You have supernaturally acute eyesight. (SInv)
You are covered in fur. (AC +1)
Your paws help you pounce on unaware monsters.
You are incapable of wielding weapons or throwing items.
You cannot wear armour.
You gain extra lives every three experience levels.


Message History

Found a scroll labelled JOCKOO SICWUK.
You pounce on the unaware helpless rat!
You claw the rat!
You kill the rat!
No target in view!
You see here a rat corpse.
f - a scroll labelled JOCKOO SICWUK Terence and a kobold come into view.
Terence is wielding a +2 heavy falchion.
Terence shouts!
Terence moves out of view.
A kobold is nearby!
You scratch the kobold.
You kill the kobold!
Terence misses you.
You see here a +0 club.
You scratch Terence but do no damage. Terence misses you.
You scratch Terence.
Terence is lightly wounded.
You barely miss Terence.
Terence is lightly wounded.
Terence screams, "I'm going to kill you!"
Terence hits you with a +2 heavy falchion!
Ouch! That really hurt!
* * * LOW HITPOINT WARNING * * *
Unknown command.
You feel much better. Terence closely misses you.
You scratch Terence but do no damage.
Terence is lightly wounded.
You scratch Terence.
Terence is moderately wounded.
Terence hits you with a +2 heavy falchion!
Ouch! That really hurt!
* * * LOW HITPOINT WARNING * * *
You scratch Terence but do no damage. You bite Terence.
Terence is moderately wounded.
Terence shouts, "Get ready for death!"
Terence hits you with a +2 heavy falchion!
Ouch! That really hurt!
You die...
Terence says, "Time to find some more victims."

##### #...#
###### #...#
###....# #...#
#...h..# #...#
#..@##.#
######...###8...
#.##############
†..........##...
#...............
######...####...
#.##############
#...# #... #.#
####...### #...#
8... #.#
#......... #####
##... ###
#......... #
#......_..


You could see Terence.

Vanquished Creatures
  4 endoplasms
  2 giant cockroaches (D:1)
  3 goblins (D:1)
  6 hobgoblins
  2 jackals (D:1)
  3 quokkas (D:1)
  5 ball pythons (D:1)
  4 frilled lizards
  4 kobolds
  6 rats
39 creatures vanquished.

Notes
Turn   | Place    | Note
-------+----------+-------------------------------------------
     0 | D:1      | hawla the Felid Shapeshifter began the quest for the Orb.
     0 | D:1      | Reached XP level 1. HP: 10/10 MP: 2/2
   115 | D:1      | Reached XP level 2. HP: 11/14 MP: 3/3
   272 | D:1      | Slain by a quokka
   272 | D:1      | Lost a life (0 lives remaining)
   701 | D:1      | Reached XP level 3. HP: 18/18 MP: 4/4
   779 | D:2      | Found a shimmering altar of Xom.
  1074 | D:2      | Noticed Terence
  1084 | D:2      | Mangled by Terence

Illustrated notes

Levels and vault maps discovered:
D:1:      dpeg_arrival_boxes_within_box, layout_loops_ring
D:2:      layout_basic, serial_corexii_hall, chequers_hall_statues_y,
          corexii_hall_statues_l, basic_altar, uniq_terence

Skill      XL: |  1  2  3 |
---------------+----------+-----
Shapeshifting  | 3 |  3.3
Dodging        | 3 |  3.0
Fighting       | |  1.0
Unarmed Combat | |  3.7

Action                     || total
---------------------------++-------
  Melee: Unarmed           ||    90
         Bite              ||     8
         Punch             ||     4
    Use: Potion            ||     3
         Scroll            ||     3
   Stab: Sleeping          ||     2
 Armour: Skin              ||    27
  Dodge: Dodged            ||    60
